 Dungeon Sprint DCSS version 0.30-a0-1161-g0704695555 (webtiles) character file.

Game seed: 15408036310499756244

15943 sircluck the Executioner (level 12, -26/132 HPs)
             Began as a Hill Orc Berserker on Apr 27, 2023.
             Was the Champion of Trog.
             Killed from afar by a fire giant (32 damage)
             ... with a fireball
             ... in the Dungeon (Sprint I: "Red Sonja").
             The game lasted 00:10:33 (2912 turns).

sircluck the Executioner (Hill Orc Berserker)       Turns: 2912, Time: 00:10:34

Health: -26/132    AC: 14    Str: 28 (29) XL:     12   Next: 32%
Magic:  4/4        EV: 12    Int:  7      God:    Trog [******]
Gold:   295        SH:  0    Dex: 10      Spells: 11/11 levels left

rFire   . . .        x - +4 executioner's axe (antimagic)
rCold   . . .        (shield currently unavailable)
rNeg    . . .        j - +0 chain mail
rPois   .            (no helmet)
rElec   .            m - scarf {harm}
rCorr   .            (no gloves)
SInv    .            (no boots)
Will    .....        (no amulet) Stlth
                     q - +6 ring of strength
HPRegen 0.42/turn    (no ring)
MPRegen 0.09/turn

%: no teleportation, harm (+30% outgoing, +20% incoming)
@: on berserk cooldown, slowed, unable to read, very slow
A: deterioration 1, weak 1, inability to read after injury 1
a: Renounce Religion, Berserk, Trog's Hand, Brothers in Arms


You were in the Dungeon.
You worshipped Trog.
Trog was exalted by your worship.
You visited 1 branch You collected 1215 gold pieces.
You spent 920 gold pieces at shops.

Inventory:

Hand Weapons
 a - a +0 hand axe
 s - a +1 antimagic battleaxe
 w - a +3 antimagic executioner's axe
 x - a +4 antimagic executioner's axe (weapon)
 y - a +6 war axe
Missiles
 k - 5 curare-tipped darts (quivered)
 p - 16 stones
 v - 5 datura-tipped darts
Armour
 b - a +0 animal skin
 j - a +0 chain mail (worn)
 m - a scarf of harm (worn)
Jewellery
 q - a +6 ring of strength (left hand)
 t - a ring of positive energy
Wands
 i - a wand of roots (22)
Scrolls
 h - 3 scrolls of blinking
 r - 2 scrolls of enchant armour
 u - a scroll of enchant weapon {unknown}
Potions
 c - 5 potions of curing
 d - a potion of heal wounds
 e - a potion of haste
 f - 2 potions of magic
 g - a potion of berserk rage
 l - a potion of attraction
 n - 2 potions of degeneration {unknown}
 o - a potion of invisibility {unknown}


   Skills:
 + Level 19.7 Fighting
 + Level 23.5 Axes
 + Level 17.3 Armour
 + Level 8.5 Dodging
 + Level 2.0 Stealth


You had 11 spell levels left.
You didn't know any spells.
Your spell library was empty.

Dungeon Overview and Level Annotations

Branches:
Dungeon (1/1)

Altars:
Cheibriados
Dithmenos
Elyvilon
Fedhas
Gozag
Hepliaklqana
Kikubaaqudgha
Makhleb
Nemelex Xobeh
Okawaru
Qazlal
Ru
Sif Muna
Trog
Uskayaw
Vehumet
Wu Jian
Xom
Yredelemnul
Zin
The Shining One
Jiyva
Lugonu

Shops:
D *?=(=[?[([[=[?=*![:[*


Innate Abilities, Weirdness & Mutations

Your body sometimes deteriorates upon taking damage.
You are weak. (Str -2)
You occasionally lose the ability to read scrolls when taking damage.


Message History

You slice the fire giant!!
The fire giant's magic leaks into the air.
The fire giant is almost dead.
You slash the fire giant!
You kill the fire giant!
Trog accepts your kill.
Trog appreciates your killing of a magic user.
A fire giant comes into view.
It is wielding a +2 great sword of flaming.
Your Axes skill increases to level 23!
The fire giant shouts!
You cut the fire giant into ribbons!!!
The fire giant's magic leaks into the air.
The fire giant is severely wounded.
You slice the fire giant!!
You kill the fire giant!
Trog accepts your kill.
Trog appreciates your killing of a magic user.
Things that are here:
a +0 great sword of flaming; a +1 great sword of flaming; a fire giant corpse
Found four items.
You feel a strong urge to attack something.
You are no longer berserk.
You are exhausted.
You feel yourself slow down.
The fire giant gestures at you while chanting.
The fireball explodes!
The fireball engulfs the fire giant.
The fire giant resists.
The fireball engulfs you!! The fire giant casts a spell at you.
The bolt of fire hits you!!
You feel threatened and lose the ability to read scrolls!
Your body deteriorates!
You feel weakened.
You hit the fire giant but do no damage.
The fire giant is lightly wounded.
The fire giant points at you and mumbles some strange words.
The fireball explodes!
The fireball engulfs the fire giant.
The fire giant resists.
The fireball engulfs you!!!
* * * LOW HITPOINT WARNING * * *
The fire giant gestures at you while chanting.
The fireball explodes!
The fireball engulfs you!!
You die...

###[###.#..## #..#+###
..'.∩##.#..# ##...#
#######.# ###.#
..§§§##.# #.# ...†§§§.#
#.# '######§# ####'#
......#§# ###....#
.†...#+§#.?)#####)..####
....~####(..C..C@.###
...~~# :....##### .~~~##
... ~~### . ##.###
###∩∩# ∩∩∩∩## #####


You could see 2 fire giants.

Vanquished Creatures
  2 fire giants (D)
  2 centaur warriors (D)
  Sonja (D)
  A deep troll (D)
  A lindwurm (D)
  A shining eye (D)
  An oklob plant (D)
  A gargoyle (D)
  4 demonic crawlers (D)
  7 unseen horrors (D)
  2 kobold demonologists (D)
  A hornet (D)
  Sigmund (D)
  A yak (D)
  A slime creature (D)
  13 hogs (D)
  2 redbacks (D)
  3 floating eyes (D)
  An ogre (D)
  7 necrophages (D)
  8 jellies (D)
  Ijyb (D)
62 creatures vanquished.

Vanquished Creatures (collateral kills)
  7 shining eyes (D)
  3 floating eyes (D)
10 creatures vanquished.

Vanquished Creatures (others)
  A gargoyle (D)
  2 ballistomycete spores (D)
3 creatures vanquished.

Grand Total: 75 creatures vanquished

Notes
Turn   | Place    | Note
-------+----------+-------------------------------------------
     0 | D        | sircluck the Hill Orc Berserker began the quest for the
                  | Orb.
     0 | D        | Reached XP level 1. HP: 19/19 MP: 1/1
     1 | D        | Noticed Ijyb
    11 | D        | Killed Ijyb
    12 | D        | Reached skill level 5 in Fighting
    12 | D        | Reached skill level 6 in Axes
    12 | D        | Reached XP level 2. HP: 28/29 MP: 2/2
    12 | D        | Reached XP level 3. HP: 35/36 MP: 3/3
    59 | D        | Noticed an ogre
    81 | D        | Killed an ogre
    82 | D        | Reached skill level 8 in Axes
    82 | D        | Reached XP level 4. HP: 40/47 MP: 4/4
   152 | D        | Noticed Sigmund
   167 | D        | Killed Sigmund
   167 | D        | Reached ** piety under Trog
   168 | D        | Reached skill level 11 in Axes
   168 | D        | Reached XP level 5. HP: 47/57 MP: 5/5
   168 | D        | Reached XP level 6. HP: 53/64 MP: 6/6
   356 | D        | Found an ornate altar of the Wu Jian Council.
   356 | D        | Found a shimmering blue altar of Sif Muna.
   358 | D        | Found a radiant altar of Vehumet.
   363 | D        | Found a viscous altar of Jiyva.
   363 | D        | Found a corrupted altar of Lugonu.
   363 | D        | Noticed a slime creature
   364 | D        | Found a burning altar of Makhleb.
   364 | D        | Found a shimmering altar of Xom.
   375 | D        | Killed a slime creature
   376 | D        | Reached skill level 10 in Fighting
   376 | D        | Reached skill level 12 in Axes
   376 | D        | Reached skill level 5 in Armour
   376 | D        | Reached XP level 7. HP: 73/73 MP: 7/7
   446 | D        | Found Ophistroa's Antique Weapon Emporium.
   446 | D        | Found an ancient bone altar of Kikubaaqudgha.
   446 | D        | Found a hazy altar of Hepliaklqana.
   446 | D        | Found a stormy altar of Qazlal.
   446 | D        | Found a hide-covered altar of Uskayaw.
   446 | D        | Found a blossoming altar of Fedhas.
   446 | D        | Found a bloodstained altar of Trog.
   446 | D        | Found an iron altar of Okawaru.
   446 | D        | Found a basalt altar of Yredelemnul.
   446 | D        | Found a glowing golden altar of the Shining One.
   446 | D        | Found a snail-covered altar of Cheibriados.
   446 | D        | Found a sacrificial altar of Ru.
   446 | D        | Found a glowing silver altar of Zin.
   446 | D        | Found a shadowy altar of Dithmenos.
   446 | D        | Found a white marble altar of Elyvilon.
   446 | D        | Noticed a yak
   456 | D        | Killed a yak
   457 | D        | Reached skill level 13 in Axes
   457 | D        | Reached skill level 5 in Dodging
   457 | D        | Found an opulent altar of Gozag.
   458 | D        | Found a sparkling altar of Nemelex Xobeh.
   622 | D        | Noticed a kobold demonologist
   622 | D        | Noticed a kobold demonologist
   625 | D        | Paralysed by a floating eye for 4 turns
   627 | D        | Noticed an orange demon
   631 | D        | Reached skill level 14 in Axes
   632 | D        | Noticed a red devil
   633 | D        | Noticed a chaos spawn
   637 | D        | Killed a kobold demonologist
   637 | D        | Reached *** piety under Trog
   638 | D        | Reached XP level 8. HP: 83/83 MP: 8/8
   643 | D        | Killed a kobold demonologist
   644 | D        | Reached skill level 15 in Axes
   808 | D        | Noticed Sonja
   819 | D        | Killed Sonja
   819 | D        | Reached **** piety under Trog
   820 | D        | Reached skill level 16 in Axes
   820 | D        | Reached XP level 9. HP: 93/93 MP: 9/9
   868 | D        | Noticed a deep troll
   881 | D        | Killed a deep troll
   882 | D        | Reached skill level 17 in Axes
  1061 | D        | Noticed a centaur warrior
  1061 | D        | Noticed a centaur warrior
  1067 | D        | Killed a centaur warrior
  1068 | D        | Reached skill level 18 in Axes
  1068 | D        | Reached skill level 10 in Armour
  1070 | D        | Killed a centaur warrior
  1071 | D        | Reached skill level 15 in Fighting
  1071 | D        | Reached XP level 10. HP: 17/105 MP: 10/10
  1430 | D        | Noticed an oklob plant
  1437 | D        | Killed an oklob plant
  1438 | D        | Reached skill level 1 in Stealth
  1495 | D        | Found Edoqe's General Store.
  1499 | D        | Noticed a shining eye
  1499 | D        | Noticed a shining eye
  1499 | D        | Noticed a shining eye
  1502 | D        | Paralysed by a floating eye for 4 turns
  1505 | D        | Noticed a shining eye
  1506 | D        | Noticed a shining eye
  1510 | D        | Reached skill level 19 in Axes
  1522 | D        | Killed a shining eye
  1524 | D        | Killed a shining eye
  1531 | D        | Noticed a shining eye
  1533 | D        | Killed a shining eye
  1535 | D        | Killed a shining eye
  1536 | D        | Reached skill level 20 in Axes
  1538 | D        | Killed a shining eye
  1538 | D        | Reached ***** piety under Trog
  1540 | D        | Killed a shining eye
  1541 | D        | Reached XP level 11. HP: 116/116 MP: 11/11
  1543 | D        | Noticed a shining eye
  1543 | D        | Noticed a shining eye
  1543 | D        | Gained mutation: You occasionally lose the ability to read
                  | scrolls when taking damage. [a shining eye]
  1544 | D        | Gained mutation: You are weak. (Str -2) [a shining eye]
  1549 | D        | Killed a shining eye
  1555 | D        | Gained mutation: Your body sometimes deteriorates upon
                  | taking damage. [a shining eye]
  1562 | D        | Killed a shining eye
  1562 | D        | Received a gift from Trog
  1570 | D        | Bought a scroll of identify for 28 gold pieces
  1580 | D        | Found Waxojel's Jewellery Shop.
  1580 | D        | Found Jimad's Magic Scroll Shoppe.
  1580 | D        | Found Legraesi's Armour Boutique.
  1580 | D        | Found Wiykk's Jewellery Emporium.
  1616 | D        | Bought a +6 ring of strength for 504 gold pieces
  1623 | D        | Bought a scroll of enchant armour for 97 gold pieces
  1623 | D        | Bought a scroll of enchant armour for 97 gold pieces
  1623 | D        | Bought a scroll of blinking for 97 gold pieces
  1623 | D        | Bought a scroll of blinking for 97 gold pieces
  1649 | D        | Found Hull's Armour Emporium.
  2001 | D        | Reached skill level 21 in Axes
  2001 | D        | Reached skill level 15 in Armour
  2248 | D        | Reached ****** piety under Trog
  2290 | D        | Found Rotock's Antique Armour Shoppe.
  2291 | D        | Paralysed by a floating eye for 2 turns
  2296 | D        | Received a gift from Trog
  2339 | D        | Found Jeduddozui's Armour Boutique.
  2339 | D        | Found Yczych's Magic Scroll Shop.
  2339 | D        | Found Ker Edghoygre's Book Emporium.
  2340 | D        | Found Suizoygi's Weapon Boutique.
  2341 | D        | Found Apabaax's Assorted Antiques.
  2382 | D        | Found Faumme's Antique Armour Emporium.
  2382 | D        | Found Jupefo's Antique Armour Shop.
  2382 | D        | Found Hemak's Jewellery Shoppe.
  2382 | D        | Found Rougudopn's Antique Armour Boutique.
  2382 | D        | Found Faghesoff's Magic Scroll Emporium.
  2382 | D        | Found Lirymeul's Jewellery Shop.
  2382 | D        | Found Luylas's Assorted Antiques.
  2387 | D        | Found Babiufot's Distillery.
  2446 | D        | Received a gift from Trog
  2659 | D        | Noticed a lindwurm
  2663 | D        | Killed a lindwurm
  2669 | D        | Received a gift from Trog
  2698 | D        | Received a gift from Trog
  2710 | D        | Reached skill level 22 in Axes
  2816 | D        | Noticed a daeva
  2825 | D        | Reached XP level 12. HP: 129/129 MP: 4/12
  2825 | D        | Received a gift from Trog
  2899 | D        | Noticed a fire giant
  2902 | D        | Noticed a fire giant
  2903 | D        | Noticed a fire giant
  2907 | D        | Killed a fire giant
  2907 | D        | Noticed a fire giant
  2908 | D        | Reached skill level 23 in Axes
  2909 | D        | Killed a fire giant
  2912 | D        | HP: 6/132 [fire giant/fireball (44)]
  2912 | D        | Killed from afar by a fire giant

Illustrated notes

Levels and vault maps discovered:
D:        dungeon_sprint_1 [red_sonja_temple_1, red_sonja_temple_small_1]

Skill      XL: |  1  2  3  4  5  6  7  8  9 10 11 12 |
---------------+-------------------------------------+-----
Fighting       | 5 7 9 10 12 13 15 16 18 19 | 19.7
Axes           | 6 8 11 12 14 16 18 20 22 23 | 23.5
Dodging        | 2 3 4 5 6 7 8 |  8.5
Armour         | 3 4 5 7 8 11 14 17 | 17.3
Stealth        | 1 2 |  2.0

Action                     |  1- 3 |  4- 6 |  7- 9 | 10-12 || total
---------------------------+-------+-------+-------+-------++-------
  Melee: Hand axe          |    13 |    21 |    50 |    83 ||   167
         Punch             |       |       |     2 |       ||     2
         Executioner's axe |       |       |       |    65 ||    65
         Battleaxe         |       |       |       |    13 ||    13
 Invoke: Berserk           |     2 |     2 |     5 |     7 ||    16
         Brothers in Arms  |       |       |       |     2 ||     2
    Use: Scroll            |       |       |       |     1 ||     1
 Armour: Chain mail        |       |     3 |    27 |    85 ||   115
  Dodge: Dodged            |     3 |     3 |    14 |    64 ||    84

Table legend: (Time is in decaauts)
 A = Elapsed time spent in this place.
 B = Non-inter-level travel time spent in this place.
 C = Inter-level travel time spent in this place.
 D = Time resting spent in this place.
 E = Time spent auto-exploring this place.
 F = Levels seen in this place.
 G = Mean time per level.
                   A        B        C        D        E       F      G
               +--------+--------+--------+--------+--------+-----+--------+
         Total |   2964 |   2894 |     70 |   1866 |    307 |   1 | 2964.0 |
       Dungeon |   2964 |   2894 |     70 |   1866 |    307 |   1 | 2964.0 |
               +--------+--------+--------+--------+--------+-----+--------+

Top non-repeatable levels by time:
       D: 2964 daAuts
